cohdb
Replays
Latest Replays
All Replays
Popular Replays
Top Player Replays
Match Explorer
How It Works
Community
CoH3 Stats
Reddit
Sign in to upload your games and track your stats! →
Sign in with Steam
Match 41827437
Unlisted
Match 41827437
Overview
Messages
Build Orders
End
Construct Infanterie Kompanie
Pioneer Squad
Grenadier Squad
Grenadier Squad
Grenadier Squad
Selects Mechanized Battlegroup
Infanterie Officer Quarters
Sniper
Selects Raid Package
Construct Panzergrenadier Kompanie
Pak 40 Anti-tank Gun Team
Selects StuG Assault Group
StuG Assault Group
Pak 40 Anti-tank Gun Team
Null
12azzmatazz
0
0
Comments
sign in to comment!
No comments posted yet!